 Dungeon Crawl Stone Soup version 0.28.0-53-g5a82cb258f (webtiles) character file.

Game seed: 14301066285956980219

497 mcbry74 the Chopper (level 6, -3/51 HPs)
             Began as a Minotaur Fighter on June 26, 2022.
             Slain by an orc
             ... wielding a +0 trident
              (7 damage)
             ... on level 3 of the Dungeon.
             The game lasted 00:07:05 (2431 turns).

mcbry74 the Chopper (Minotaur Fighter)              Turns: 2431, Time: 00:07:06

Health: -3/51      AC:  8    Str: 20    XL:     6   Next: 93%
Magic:  5/5        EV:  9    Int:  7    God:
Gold:   124        SH:  4    Dex: 10    Spells: 5/5 levels left

rFire   . . .      SeeInvis .   a - +0 war axe
rCold   . . .      Faith    .   c - +0 buckler
rNeg    . . .      Spirit   .   b - +0 scale mail
rPois   .          Reflect  .   (helmet restricted)
rElec   .          Harm     .   (no cloak)
rCorr   .          Rampage  .   m - +0 pair of gloves
Will    .....                   (no boots)
Stlth   ..........              (no amulet)
HPRegen 0.17/turn               (no ring)
MPRegen 0.09/turn               (no ring)

@: no status effects
A: horns 2, retaliatory headbutt
a: no special abilities


You were on level 3 of the Dungeon.
You visited 1 branch of the dungeon, and saw 3 of its levels.

You collected 124 gold pieces.

Inventory:

Hand Weapons
 a - a +0 war axe (weapon)
 q - a +2 vorpal trident
Missiles
 d - 2 datura-tipped darts (quivered)
 h - 77 arrows
Armour
 b - a +0 scale mail (worn)
 c - a +0 buckler (worn)
 m - a +0 pair of gloves (worn)
 n - the +3 ring mail of Sin {rC++ rN++ Will-}
   (You found it on level 2 of the Dungeon)

   rC:        It greatly protects you from cold.
   rN:        It greatly protects you from negative energy.
   Will:      It decreases your willpower.
Scrolls
 f - 3 scrolls of teleportation {unknown}
 g - 4 scrolls of identify {unknown}
 i - a scroll of enchant weapon {unknown}
 o - 2 scrolls of enchant armour {unknown}
 r - a scroll of summoning {unknown}
 t - a scroll of silence {unknown}
Potions
 e - a potion of berserk rage {unknown}
 j - 3 potions of mutation {unknown}
 k - a potion of curing {unknown}
 l - a potion of lignification {unknown}
 p - a potion of brilliance {unknown}
 s - a potion of haste {unknown}


   Skills:
 - Level 3.6 Fighting
 * Level 7.5 Axes
 + Level 6.2 Armour
 - Level 3.6 Shields


You had 5 spell levels left.
You didn't know any spells.
Your spell library contained the following spells:

 Spells                   Type           Power      Damage    Failure   Level
 Stone Arrow              Conj/Erth      0%         3d7       99%         3
 Summon Guardian Golem    Hex/Summ       0%         N/A       99%         3
 Animate Armour           Summ/Erth      0%         N/A       100%        4
 Orb of Destruction       Conj           0%         9d5       100%        7
 Spellforged Servitor     Conj/Summ      0%         N/A       100%        7
 Lehudib's Crystal Spear  Conj/Erth      0%         10d2      100%        8


Dungeon Overview and Level Annotations

Branches:
Dungeon (3/15)

Altars:

Shops:
D:1 :


Innate Abilities, Weirdness & Mutations

You have a pair of horns on your head.
You reflexively headbutt those who attack you in melee.


Message History

You barely miss the orc priest.
The orc priest is severely wounded.
The orc barely misses you.
The orc priest calls down the wrath of Beogh upon you.
Beogh smites you! The orc hits you but does no damage.
The orc completely misses you.
You closely miss the orc priest. Your headbutt misses the orc priest.
The orc priest is severely wounded.
The orc priest looks braver for a moment.
The orc closely misses you. You block the orc's attack.
You hit the orc priest.
The orc priest is almost dead.
The orc priest completely misses you. You furiously retaliate!
You headbutt the orc priest!
You kill the orc priest!
The orc hits you but does no damage. x2
The orc hits you but does no damage. The orc closely misses you.
You furiously retaliate!
You headbutt the orc.
Things that are here:
a +0 short sword; a +0 ring mail You puncture the orc!
You kill the orc!
The orc hits you but does no damage. The orc hits you with a +0 trident.
* * * LOW HITPOINT WARNING * * *
The orc closely misses you.
a - a +0 war axe (weapon)
You closely miss the orc. x2; The orc hits you with a +0 trident.
* * * LOW HITPOINT WARNING * * *
You block the orc's attack. The orc hits you with a +0 trident.
* * * LOW HITPOINT WARNING * * *
You barely miss the orc. You hit the orc. The orc hits you but does no damage.
The orc hits you with a +0 trident!
* * * LOW HITPOINT WARNING * * *
The orc closely misses you.
Things that are here:
a +0 short sword; a +0 scale mail; an orc corpse
There is an open door here.
There is a stone staircase leading up here.
The orc hits you from afar with a +0 trident!
You die...

###.###.# #.......#### #####
#.#........# #...# ##
#.########.# #)..# ..
#.......##.####...# ...
#######.#.....#...###
#..###########.#####.#.....##
#...........##.#..............
....))......'.oo@............#
............##........)....#..
.#.##########....#.#.#...### .
.#.# #.##...#.##### .#.#
#.######.# .#.# #.....##..
##.# ############.#####+###
#.#
...###..........#..........
##..
...................†.......
...


You could see 2 orcs.

Vanquished Creatures
  Sigmund (D:3)
  A scorpion (D:3)
  3 orc priests (D:3)
  Natasha (thrice) (D:2)
  3 adders
  A worm (D:3)
  A dart slug (D:1)
  7 orcs (D:3)
  5 endoplasms
  4 giant cockroaches
  6 goblins
  3 hobgoblins
  6 jackals
  A quokka (D:3)
  13 ball pythons
  8 bats
  4 frilled lizards
  6 kobolds
  3 rats
79 creatures vanquished.

Notes
Turn   | Place    | Note
-------+----------+-------------------------------------------
     0 | D:1      | mcbry74 the Minotaur Fighter began the quest for the Orb.
     0 | D:1      | Reached XP level 1. HP: 19/19 MP: 0/0
    91 | D:1      | Reached skill level 3 in Axes
   177 | D:1      | Reached XP level 2. HP: 23/26 MP: 1/1
   216 | D:1      | Found Joyfiwn's Book Boutique.
   477 | D:1      | Found a faded altar of an unknown god.
   670 | D:1      | Reached XP level 3. HP: 31/31 MP: 2/2
   968 | D:2      | Reached skill level 4 in Axes
   999 | D:2      | Noticed Natasha
  1011 | D:2      | Killed Natasha
  1012 | D:2      | Reached XP level 4. HP: 37/39 MP: 3/3
  1429 | D:2      | Noticed Natasha
  1437 | D:2      | Killed Natasha
  1438 | D:2      | Reached skill level 5 in Axes
  1603 | D:2      | Identified the +3 ring mail of Sin {rC++ rN++ Will-}
  1747 | D:2      | Noticed Natasha
  1752 | D:2      | Killed Natasha
  1753 | D:2      | Reached skill level 5 in Armour
  1753 | D:2      | Reached XP level 5. HP: 39/45 MP: 4/4
  1992 | D:3      | Reached skill level 6 in Axes
  2064 | D:3      | Noticed Sigmund
  2075 | D:3      | Killed Sigmund
  2076 | D:3      | Reached skill level 7 in Axes
  2076 | D:3      | Reached XP level 6. HP: 40/51 MP: 5/5
  2329 | D:3      | Found a faded altar of an unknown god.
  2418 | D:3      | HP: 2/51 [orc/+0 trident (7)]
  2431 | D:3      | Slain by an orc

Illustrated notes

Levels and vault maps discovered:
D:1:      minmay_arrival_checkered_box, layout_basic,
          ebering_ecumenical_altar_box, serial_shops, nicolae_shop_crystal
D:2:      layout_basic, uniq_natasha
D:3:      layout_basic, nicolae_overflow_ecumenical_swirl, hex_tiny,
          uniq_sigmund

Skill      XL: |  1  2  3  4  5 |
---------------+----------------+-----
Axes           | 3 4 5 7 |  7.5
Armour         | 4 5 6 |  6.2
Fighting       | |  3.6
Shields        | |  3.6

Action                   |  1- 3 |  4- 6 || total
-------------------------+-------+-------++-------
Melee: War axe           |    70 |    58 ||   128
       Headbutt          |     3 |    14 ||    17
       Trident           |       |    41 ||    41
  Use: Potion            |       |     1 ||     1
Armor: Scale mail        |    25 |    33 ||    58
Dodge: Dodged            |    40 |    37 ||    77
Block: Buckler           |    25 |    18 ||    43
